 Seeded DCSS version 0.27.1-3-gb3d3a73c9e (webtiles) character file.

Game seed: 20211022 (custom seed)

53 jessy the Sneak (level 3, -5/25 HPs)
             Began as an Octopode Brigand on Oct 22, 2021.
             Was a Follower of Zin.
             Killed from afar by Sigmund (10 damage)
             ... with a puff of flame
             ... on level 2 of the Dungeon on Oct 25, 2021.
             The game lasted 00:07:24 (1824 turns).

jessy the Sneak (Octopode Brigand)                  Turns: 1824, Time: 00:07:25

Health: -5/25      AC:  1    Str: 10    XL:     3   Next: 87%
Magic:  3/3        EV: 17    Int: 13    God:    Zin [*.....]
Gold:   54         SH:  0    Dex: 14    Spells: 2/2 levels left

rFire    . . .     SeeInvis .   d - +0 flail
rCold    . . .     Faith    .   (no shield)
rNeg     . . .     Spirit   .   (helmet restricted)
rPois    .         Reflect  .   (no amulet)
rElec    .         Harm     .   f - +4 ring of evasion
rCorr    .         Rampage  .   (no ring)
Will     .....                  (no ring)
Stlth    ++++......             (no ring)
HPRegen  0.08/turn              (no ring)
MPRegen  0.08/turn              (no ring)
                                (no ring)
                                (no ring)

@: no status effects
A: almost no armour, amphibious, 8 rings, camouflage 1, gelatinous body 1,
(nimble swimmer 1), tentacles
a: Renounce Religion, Recite, Donate Gold


You were on level 2 of the Dungeon.
You worshipped Zin.
Zin was aware of your devotion.
You visited 1 branch of the dungeon, and saw 2 of its levels.

You collected 59 gold pieces.
You donated 5 gold pieces to Zin.

Inventory:

Hand Weapons
 a - a +2 dagger
 d - a +0 flail (weapon)
 g - a +1 short sword of venom
Missiles
 b - 8 poisoned darts (quivered)
 c - 2 curare-tipped darts
Jewellery
 f - a +4 ring of evasion (left tentacle)
Scrolls
 j - a scroll of identify {unknown}
Potions
 e - a potion of lignification {unknown}
 h - a potion of resistance {unknown}
 i - a potion of might {unknown}


   Skills:
 + Level 2.3 Fighting
 + Level 2.4 Short Blades
 + Level 0.8 Maces & Flails
 + Level 2.0 Throwing
 + Level 1.2 Dodging
 + Level 6.4 Stealth


You had 2 spell levels left.
You didn't know any spells.
Your spell library contained the following spells:

 Spells                   Type           Power      Damage    Failure   Level
 Animate Skeleton         Necr           0%         N/A       30%         1
 Pain                     Necr           0%         1d4       30%         1
 Stone Arrow              Conj/Erth      0%         3d7       67%         3
 Vampiric Draining        Necr           0%         2d6       67%         3
 Lehudib's Crystal Spear  Conj/Erth      0%         10d2      100%        8
 Animate Armour           Summ/Erth      Unusable   N/A       N/A         4

Dungeon Overview and Level Annotations

Branches:
Dungeon (2/15)

Altars:
Zin

Annotations:
D:2 Sigmund


Innate Abilities, Weirdness & Mutations

You cannot wear most types of armour.
You are amphibious.
You can wear up to eight rings at the same time.
Your skin changes colour to match your surroundings (Stealth+).
Your rubbery body absorbs attacks. (AC +1, EV +1)
((You are camouflaged near water. (Stealth+)))
You have tentacles for arms and can constrict up to eight enemies at once.


Message History

The adder is lightly wounded.
The adder barely misses you. The adder closely misses you.
You barely miss the adder. Your grab misses the adder.
The adder is lightly wounded.
The adder barely misses you. x2
You closely miss the adder. You grab the adder.
The adder is lightly wounded.
You constrict the adder. The adder closely misses you.
You barely miss the adder.
The adder is moderately wounded.
You constrict the adder. The adder completely misses you.
The adder closely misses you.
You barely miss the adder. You squeeze the adder.
The adder is severely wounded.
You constrict the adder.
You kill the adder!
j - a scroll labelled KYOXZI RUACUSE
There are no items here.
A goblin comes into view. It is wielding a +0 dagger.
Sigmund the Dreaded comes into view.
He is wielding a +0 scythe.
Sigmund shouts!
The goblin shouts!
The goblin barely misses you.
Sigmund screams, "Die, monster!"
Sigmund hits you from afar with a +0 scythe!
You miss the goblin. Your grab misses the goblin.
Your squeeze misses the goblin. The goblin misses you.
Sigmund completely misses you.
You barely miss the goblin. Your grab misses the goblin.
The goblin hits you with a +0 dagger. The goblin closely misses you.
Sigmund barely misses you.
You closely miss the goblin. Your grab misses the goblin.
The goblin misses you.
Sigmund hits you from afar with a +0 scythe!
* * * LOW HITPOINT WARNING * * *
You sock the goblin!
You kill the goblin!
Sigmund misses you.
Sigmund points at you and mumbles some strange words.
The puff of flame hits you!
You die...

# #########
#.#######.......#
#.).@...@.#####.#
########### #.#
##<#########
##.##
#.#........#
#...#
##.#######.#
#...# #.# #.#
#)..# #.#
#.#####.## #.#
#....##.# ..#
####.##.#


You could see Sigmund.

Vanquished Creatures
  A gnoll (D:1)
  An adder (D:2)
  7 ball pythons (D:1)
  7 endoplasms (D:1)
  4 giant cockroaches (D:1)
  A goblin (D:2)
  A hobgoblin (D:1)
  2 quokkas (D:1)
  2 bats (D:1)
  3 frilled lizards (D:1)
  2 kobolds (D:1)
  2 rats (D:1)
33 creatures vanquished.

Notes
Turn   | Place    | Note
-------+----------+-------------------------------------------
     0 | D:1      | jessy the Octopode Brigand began the quest for the Orb.
     0 | D:1      | Reached XP level 1. HP: 14/14 MP: 1/1
   324 | D:1      | Reached XP level 2. HP: 16/19 MP: 2/2
   634 | D:1      | Reached skill level 6 in Stealth
   795 | D:1      | Reached XP level 3. HP: 24/24 MP: 3/3
  1482 | D:1      | Found a faded altar of an unknown god.
  1683 | D:1      | Became a worshipper of Zin the Law-Giver
  1683 | D:1      | Reached * piety under Zin
  1810 | D:2      | Noticed Sigmund
  1824 | D:2      | Killed from afar by Sigmund

Illustrated notes

Levels and vault maps discovered:
D:1:      minmay_arrival_jagged, layout_rooms,
          ebering_ecumenical_altar_sacrificial, serial_corexii_hall,
          chequers_hall_statues_wall_a, corexii_hall_statues_s,
          corexii_hall_statues_l, chequers_hall_statues_corner_a, minmay_tripent
D:2:      layout_loops_ring, minmay_distorted, uniq_sigmund

Skill      XL: |  1  2 |
---------------+-------+-----
Stealth        | 6 |  6.4
Fighting       | |  2.3
Short Blades   | |  2.4
Maces & Flails | |  0.8
Throwing       | |  2.0
Dodging        | |  1.2

Action                   || total
-------------------------++-------
Melee: Dagger            ||    29
       Constrict         ||    14
       Tentacles         ||     6
       Flail             ||    40
 Stab: Sleeping          ||     6
Armor: Skin              ||     8
Dodge: Dodged            ||    76
